 Dungeon Crawl Stone Soup version 0.28.0-45-g0d030f2227 (webtiles) character file.

Game seed: 11998260181716388863

665 sking99 the Stinger (level 7, -3/51 HPs)
             Began as a Gnoll Venom Mage on May 21, 2022.
             Was a Follower of Fedhas.
             Slain by a black bear (6 damage)
             ... on level 4 of the Dungeon.
             The game lasted 00:16:04 (7161 turns).

sking99 the Stinger (Gnoll Venom Mage)              Turns: 7161, Time: 00:16:05

Health: -3/51      AC:  3    Str:  9    XL:     7   Next: 57%
Magic:  11/15      EV: 13    Int: 15    God:    Fedhas [*.....]
Gold:   143        SH:  4    Dex: 12    Spells: 6/17 levels left

rFire   . . .      SeeInvis .   n - +0 trident
rCold   . . .      Faith    .   o - +0 buckler
rNeg    . . .      Spirit   .   a - +0 robe
rPois   .          Reflect  .   (no helmet)
rElec   .          Harm     .   (no cloak)
rCorr   .          Rampage  .   (no gloves)
Will    .....                   j - +0 pair of boots
Stlth   +++.......              (no amulet)
HPRegen 0.17/turn               (no ring)
MPRegen 0.14/turn               (no ring)

@: no status effects
A: fangs 1, strong nose, distributed training
a: Renounce Religion


You were on level 4 of the Dungeon.
You worshipped Fedhas.
Fedhas was aware of your devotion.
You visited 1 branch of the dungeon, and saw 4 of its levels.

You collected 143 gold pieces.

Inventory:

Hand Weapons
 n - a +0 trident (weapon)
Armour
 a - a +0 robe (worn)
 f - a +0 leather armour
 j - a +0 pair of boots (worn)
 o - a +0 buckler (worn)
Jewellery
 d - an amulet of guardian spirit
 h - an amulet of magic regeneration
Wands
 l - a wand of paralysis (8)
Scrolls
 b - a scroll of magic mapping {unknown}
 c - a scroll of teleportation
 g - a scroll of vulnerability {unknown}
 i - a scroll of fog {unknown}
 p - a scroll of acquirement
Potions
 e - a potion of degeneration {unknown}
 m - a potion of flight {unknown}


   Skills:
 + Level 2.5 Fighting
 + Level 2.5 Short Blades
 + Level 2.5 Long Blades
 + Level 2.5 Axes
 + Level 2.5 Maces & Flails
 + Level 2.5 Polearms
 + Level 2.5 Staves
 + Level 2.5 Slings
 + Level 2.5 Bows
 + Level 2.5 Crossbows
 + Level 2.5 Throwing
 + Level 2.5 Armour
 + Level 5.3 Dodging
 + Level 4.9 Stealth
 + Level 2.5 Shields
 + Level 2.5 Unarmed Combat
 + Level 5.6 Spellcasting
 + Level 2.1 Conjurations
 + Level 2.1 Hexes
 + Level 2.1 Summonings
 + Level 2.1 Necromancy
 + Level 2.1 Translocations
 + Level 3.0 Transmutations
 + Level 2.1 Fire Magic
 + Level 2.1 Ice Magic
 + Level 2.1 Air Magic
 + Level 2.1 Earth Magic
 + Level 5.8 Poison Magic
 + Level 2.8 Invocations
 + Level 2.5 Evocations


You had 6 spell levels left.
You knew the following spells:

 Your Spells              Type           Power      Damage    Failure   Level
a - Sting                 Tmut/Pois      68%        1d6       3%          1
b - Magic Dart            Conj           40%        1d5       9%          1
c - Poisonous Vapours     Pois/Air       32%        N/A       6%          2
d - Mephitic Cloud        Conj/Pois/Air  14%        N/A       16%         3
e - Olgreb's Toxic Radia  Pois           21%        N/A       19%         4

Your spell library contained the following spells:

 Spells                   Type           Power      Damage    Failure   Level
 Searing Ray              Conj           20%        2d5       13%         2
 Inner Flame              Hex/Fire       10%        N/A       26%         3
 Tukima's Dance           Hex            10%        N/A       26%         3
 Fulminant Prism          Conj/Hex       5%         3d7       63%         4
 Excruciating Wounds      Necr           5%         N/A       93%         5
 Freezing Cloud           Conj/Ice/Air   5%         6-21      93%         5
 Lightning Bolt           Conj/Air       5%         1d17      93%         5
 Metabolic Englaciation   Hex/Ice        5%         N/A       93%         5
 Conjure Ball Lightning   Conj/Air       5%         3x3d6     100%        6
 Ozocubu's Refrigeration  Ice            5%         4d6       100%        7
 Ignition                 Fire           5%         3d4       100%        8
 Chain Lightning          Conj/Air       5%         3d6       100%        9


Dungeon Overview and Level Annotations

Branches:
Dungeon (4/15)
 Temple: D:4-7

Altars:
Fedhas
Hepliaklqana
Kikubaaqudgha
Okawaru


Innate Abilities, Weirdness & Mutations

You have very sharp teeth.
Your uncanny sense of smell can sniff out nearby items.
Your experience applies equally to all skills.


Message History

The black bear bites you but does no damage.
The black bear claws you. The black bear barely misses you.
Casting: Sting (safe; 3% risk of failure)
Confirm with . or Enter, or press ? or * to list all spells.
Aiming: Sting (safe; 3% risk of failure)
Press: ? - help, Shift-Dir - straight line, f/p - black bear
Aim: a black bear (moderately wounded, very poisoned, 81% to hit)
The sting hits the black bear but does no damage.
The black bear looks even sicker.
The black bear is moderately wounded.
The black bear bites you. You block the black bear's attack.
The black bear barely misses you.
You see here a hobgoblin corpse.
The black bear goes berserk!
The black bear rages.
Casting: Sting (safe; 3% risk of failure)
Confirm with . or Enter, or press ? or * to list all spells.
Aiming: Sting (safe; 3% risk of failure)
Press: ? - help, Shift-Dir - straight line, f/p - black bear
Aim: a black bear (severely wounded, berserk, poisoned, 81% to hit)
The sting hits the black bear.
The black bear looks even sicker.
The black bear is almost dead.
The black bear misses you. The black bear claws you.
The black bear barely misses you.
Okay, then.
The black bear bites you!
* * * LOW HITPOINT WARNING * * *
The black bear claws you.
* * * LOW HITPOINT WARNING * * *
You block the black bear's attack.
It was a potion of curing.
You feel better. The black bear bites you.
* * * LOW HITPOINT WARNING * * *
The black bear claws you but does no damage.
The black bear claws you.
* * * LOW HITPOINT WARNING * * *
You block the black bear's attack. The black bear claws you.
* * * LOW HITPOINT WARNING * * *
The black bear claws you.
You die...
Fedhas appreciates your contribution to the ecosystem.

....#..# #.# #..##[...!†..?#
....#..# #.# #...####...#'##
.......# #.# #.#..#.## ##.#.
...##.## #.# #.##....# #....
#..##.# #.# #.###..##∆##†.#
#..##.# #.# #.# #...###...#
#..##.#########.# #.###.#..#....#
................###.##..##...#.##
#...............@h.............#
..###...########################
#####.### ......# #######


You could see a black bear (berserk, very poisoned).

Vanquished Creatures
  An ogre (D:4)
  A bullfrog (D:3)
  2 scorpions
  2 hounds
  An iguana (D:4)
  2 orc priests (D:2)
  Robin (D:1)
  6 adders
  7 gnolls
  4 dart slugs
  13 orcs
  8 ball pythons
  13 endoplasms
  19 goblins
  11 hobgoblins
  3 quokkas
  A bat (D:3)
  A frilled lizard (D:2)
  3 kobolds
  7 rats
106 creatures vanquished.

Notes
Turn   | Place    | Note
-------+----------+-------------------------------------------
     0 | D:1      | sking99 the Gnoll Venom Mage began the quest for the Orb.
     0 | D:1      | Reached XP level 1. HP: 13/13 MP: 6/6
    18 | D:1      | Got the Volume of Dark Feathers
   335 | D:1      | Reached XP level 2. HP: 19/19 MP: 4/7
   429 | D:1      | Learned a level 2 spell: Poisonous Vapours
   431 | D:1      | Learned a level 1 spell: Magic Dart
   986 | D:1      | Reached XP level 3. HP: 25/25 MP: 9/9
  1040 | D:1      | Reached skill level 5 in Spellcasting
  1450 | D:2      | Noticed Robin
  1538 | D:1      | Reached skill level 1 in Invocations
  1938 | D:1      | Learned a level 3 spell: Mephitic Cloud
  2123 | D:1      | Killed Robin
  2124 | D:1      | Reached skill level 1 in Fighting
  2124 | D:1      | Reached skill level 1 in Short Blades
  2124 | D:1      | Reached skill level 1 in Long Blades
  2124 | D:1      | Reached skill level 1 in Axes
  2124 | D:1      | Reached skill level 1 in Maces & Flails
  2124 | D:1      | Reached skill level 1 in Polearms
  2124 | D:1      | Reached skill level 1 in Staves
  2124 | D:1      | Reached skill level 1 in Slings
  2124 | D:1      | Reached skill level 1 in Bows
  2124 | D:1      | Reached skill level 1 in Crossbows
  2124 | D:1      | Reached skill level 1 in Throwing
  2124 | D:1      | Reached skill level 1 in Armour
  2124 | D:1      | Reached skill level 1 in Shields
  2124 | D:1      | Reached skill level 1 in Unarmed Combat
  2124 | D:1      | Reached skill level 1 in Evocations
  2124 | D:1      | Reached XP level 4. HP: 19/32 MP: 3/11
  2277 | D:1      | Learned a level 4 spell: Olgreb's Toxic Radiance
  2431 | D:2      | Reached skill level 1 in Conjurations
  2431 | D:2      | Reached skill level 1 in Hexes
  2431 | D:2      | Reached skill level 1 in Summonings
  2431 | D:2      | Reached skill level 1 in Necromancy
  2431 | D:2      | Reached skill level 1 in Translocations
  2431 | D:2      | Reached skill level 1 in Fire Magic
  2431 | D:2      | Reached skill level 1 in Ice Magic
  2431 | D:2      | Reached skill level 1 in Air Magic
  2431 | D:2      | Reached skill level 1 in Earth Magic
  3038 | D:2      | Reached XP level 5. HP: 37/37 MP: 5/12
  3932 | D:3      | Found an iron altar of Okawaru.
  4218 | D:3      | Reached XP level 6. HP: 44/44 MP: 4/13
  4504 | D:3      | Reached skill level 5 in Dodging
  4873 | D:3      | Found an ancient bone altar of Kikubaaqudgha.
  4873 | D:3      | Found a blossoming altar of Fedhas.
  4903 | D:3      | Became a worshipper of Fedhas Madash
  5641 | D:4      | Found a hazy altar of Hepliaklqana.
  5747 | D:4      | Identified a scroll of acquirement
  5747 | D:4      | Acquired sking99's Incunabulum of Bewitching Air
  6169 | D:4      | Reached XP level 7. HP: 50/50 MP: 8/15
  6366 | D:4      | Reached * piety under Fedhas
  7161 | D:4      | Slain by a black bear

Illustrated notes

Levels and vault maps discovered:
D:1:      lightli_arrival_statuegarden, layout_basic, minivault_23,
          kennysheep_another_room
D:2:      layout_rooms, kennysheep_nondescript, chequers_serial_rivers_small_a,
          uniq_robin
D:3:      layout_basic, grunt_temple_overflow_growth_and_decay,
          mainiacjoe_overflow_paths
D:4:      cheibrodos_helix_gallery, layout_basic,
          nicolae_hepliaklqana_hippocampus, minmay_fractal_squares_gapless_5

Skill      XL: |  1  2  3  4  5  6  7 |
---------------+----------------------+-----
Transmutations | 2 3 |  3.0
Spellcasting   | 5 |  5.6
Invocations    | 1 2 |  2.8
Fighting       | 1 2 |  2.5
Short Blades   | 1 2 |  2.5
Long Blades    | 1 2 |  2.5
Axes           | 1 2 |  2.5
Maces & Flails | 1 2 |  2.5
Polearms       | 1 2 |  2.5
Staves         | 1 2 |  2.5
Slings         | 1 2 |  2.5
Bows           | 1 2 |  2.5
Crossbows      | 1 2 |  2.5
Throwing       | 1 2 |  2.5
Armour         | 1 2 |  2.5
Shields        | 1 2 |  2.5
Unarmed Combat | 1 2 |  2.5
Evocations     | 1 2 |  2.5
Conjurations   | 1 2 |  2.1
Hexes          | 1 2 |  2.1
Summonings     | 1 2 |  2.1
Necromancy     | 1 2 |  2.1
Translocations | 1 2 |  2.1
Fire Magic     | 1 2 |  2.1
Ice Magic      | 1 2 |  2.1
Air Magic      | 1 2 |  2.1
Earth Magic    | 1 2 |  2.1
Dodging        | 5 |  5.3
Stealth        | |  4.9
Poison Magic   | |  5.8

Action                   |  1- 3 |  4- 6 |  7- 9 || total
-------------------------+-------+-------+-------++-------
Melee: Dagger            |     4 |     1 |       ||     5
 Cast: Sting             |    72 |    77 |    15 ||   164
       Poisonous Vapours |     9 |    81 |    30 ||   120
       Magic Dart        |     2 |     8 |     4 ||    14
       Olgreb's Toxic Ra |       |       |     1 ||     1
  Use: Scroll            |       |     3 |       ||     3
       Potion            |       |       |     1 ||     1
Armor: Robe              |    10 |     8 |     4 ||    22
Dodge: Dodged            |    38 |    40 |     8 ||    86
Block: Buckler           |       |     1 |     5 ||     6
